 Dungeon Crawl Stone Soup version 0.30-a0-360-g447f08457e (webtiles) character file.

Game seed: 7249984112884523129

211 avis the Chiller (level 5, -3/41 HPs)
             Began as a Demigod Ice Elementalist on Nov 13, 2022.
             Slain by an ice beast (8 damage)
             ... on level 3 of the Dungeon.
             The game lasted 00:20:37 (2930 turns).

avis the Chiller (Demigod Ice Elementalist)         Turns: 2930, Time: 00:20:38

Health: -3/41      AC:  9    Str:  9    XL:     5   Next: 31%
Magic:  11/12      EV: 13    Int: 23    God:
Gold:   199        SH:  0    Dex: 24    Spells: 3/10 levels left

rFire   . . .      SeeInvis .    k - staff of air
rCold   . . .      Faith    .    (no shield)
rNeg    . . .      Spirit   .    r - +0 robe
rPois   .          Reflect  .    (no helmet)
rElec   +          Harm     .    (no cloak)
rCorr   .          Rampage  .    (no gloves)
Will    .....                    (no boots)
Stlth   ++........               (no amulet)
HPRegen 0.26/turn                e - +6 ring of intelligence
MPRegen 0.13/turn                s - +6 ring of dexterity

@: ice-armoured
A: high MP 1, forlorn, divine attributes
a: no special abilities


You were on level 3 of the Dungeon.
You visited 1 branch of the dungeon, and saw 3 of its levels.
You also visited: Sewer.

You collected 199 gold pieces.

Inventory:

Hand Weapons
 d - a +0 dagger
Missiles
 l - 4 boomerangs (quivered)
Armour
 n - a +0 tower shield
 r - a +0 robe (worn)
Magical Staves
 a - a staff of cold
 k - a staff of air (weapon)
Jewellery
 e - a +6 ring of intelligence (left hand)
 s - a +6 ring of dexterity (right hand)
Scrolls
 c - 2 scrolls of poison {unknown}
 h - a scroll of fear {unknown}
 i - a scroll of teleportation {unknown}
 m - 2 scrolls of identify {unknown}
 o - a scroll of magic mapping {unknown}
 p - a scroll of vulnerability {unknown}
 u - a scroll of noise {unknown}
Potions
 b - a potion of magic
 f - 3 potions of brilliance {unknown}
 g - a potion of curing {unknown}
 q - a potion of attraction {unknown}
 t - 4 potions of flight
 w - a potion of degeneration {unknown}


   Skills:
 - Level 2.0 Fighting
 - Level 1.7 Dodging
 - Level 1.7 Stealth
 * Level 3.2 Spellcasting
 - Level 5.0 Ice Magic


You had 3 spell levels left.
You knew the following spells:

 Your Spells              Type           Power      Damage    Failure   Level
a - Freeze                Ice            100%       1d10      1%          1
o - Ozocubu's Armour      Ice            26%        N/A       4%          3
r - Frozen Ramparts       Ice            52%        1d8       4%          3

Your spell library contained the following spells:

 Spells                   Type           Power      Damage    Failure   Level
 Summon Ice Beast         Ice/Summ       15%        N/A       38%         4


Dungeon Overview and Level Annotations

Branches:
Dungeon (3/15)              Sewer (visited)

Annotations:
D:3 Robin


Innate Abilities, Weirdness & Mutations

You have an increased reservoir of magic. (+10% MP)
You shall have no god before yourself.
Your divine heritage dramatically boosts your attributes as you level up.


Message History

The ice beast hits you but does no damage.
You hit the ice beast but do no damage.
The ice beast is almost dead.
The ice beast hits you but does no damage.
You hit the ice beast but do no damage.
The ice beast is almost dead.
The ice beast misses you.
You hit the ice beast but do no damage.
The ice beast is almost dead.
The ice beast barely misses you.
You barely miss the ice beast.
The ice beast is almost dead.
The ice beast hits you but does no damage.
The ice beast barely misses you.
You hit the ice beast but do no damage.
The ice beast is almost dead.
The ice beast misses you.
You hit the ice beast but do no damage.
The ice beast is almost dead.
The ice beast hits you but does no damage.
You hit the ice beast.
The ice beast is almost dead.
The ice beast closely misses you.
You barely miss the ice beast.
The ice beast is almost dead.
The ice beast barely misses you.
You hit the ice beast but do no damage.
The ice beast is almost dead.
The ice beast hits you. The ice beast freezes you!
* * * LOW HITPOINT WARNING * * *
The ice beast completely misses you.
You barely miss the ice beast.
The ice beast is almost dead.
The ice beast hits you but does no damage.
You hit the ice beast but do no damage.
The ice beast is almost dead.
The ice beast hits you.
* * * LOW HITPOINT WARNING * * *
The ice beast freezes you!
You die...

.....##.####..# #########
.....##.#...#.## #.......+
....†.......#..# #.#.......#
............##.## #. #.#.......+
............##..###...#.#.......#
##.#........###.##....#.#.(.....#
...#........# #.##....#.#.......#
####........###.##....#.#..Y....#
#............@Y....#.#.......#
#........######(....)......^.#
####..#.....# #..............#
........#... #...(..........#
........#### ## #...(#'#######.#
........### ..# #....#.##.~~~..#
#####.....# #.# #....#.##~~~~.##
###...####.# #... #..#~~÷~...
...# #........# #... #..#~~~....


You could see an ice beast.

Vanquished Creatures
  A kobold brigand (Sewer)
  5 river rats
  2 adders
  2 worms (D:2)
  6 ball pythons
  5 bats
  3 endoplasms
  3 giant cockroaches
  6 goblins
  5 hobgoblins
  5 jackals
  8 kobolds
  5 quokkas
  4 frilled lizards
  14 rats
74 creatures vanquished.

Notes
Turn   | Place    | Note
-------+----------+-------------------------------------------
     0 | D:1      | avis the Demigod Ice Elementalist began the quest for the
                  | Orb.
     0 | D:1      | Reached XP level 1. HP: 14/14 MP: 5/5
   115 | D:1      | Reached skill level 4 in Ice Magic
   163 | D:1      | Reached XP level 2. HP: 18/20 MP: 0/7
   987 | D:2      | Reached XP level 3. HP: 22/26 MP: 4/8
   997 | D:2      | Learned a level 3 spell: Frozen Ramparts
  1685 | D:2      | Learned a level 3 spell: Ozocubu's Armour
  1742 | D:3      | Noticed Robin
  1792 | D:3      | Found a glowing drain.
  1917 | D:3      | Reached XP level 4. HP: 33/33 MP: 2/10
  2094 | Sewer    | Entered a sewer
  2101 | Sewer    | Reached skill level 5 in Ice Magic
  2101 | Sewer    | Reached skill level 1 in Fighting
  2172 | Sewer    | Noticed a kobold brigand
  2181 | Sewer    | Killed a kobold brigand
  2182 | Sewer    | Reached XP level 5. HP: 34/41 MP: 2/12
  2491 | D:3      | Noticed an ice beast
  2930 | D:3      | Slain by an ice beast

Illustrated notes

Levels and vault maps discovered:
D:1:      tarquinn_simple_flora_water_e, layout_loops_ring,
          basic_ecumenical_altar
D:2:      layout_rooms, basic_altar
D:3:      layout_basic, lemuel_tele_altar, portal_sewer_entry_b, serial_shops,
          nicolae_shop_temple_entry_statues_fountains, uniq_robin

Skill      XL: |  1  2  3  4  5 |
---------------+----------------+-----
Ice Magic      | 4 5 |  5.0
Spellcasting   | 2 3 |  3.2
Fighting       | 1 2 |  2.0
Dodging        | |  1.7
Stealth        | |  1.7

Action                   |  1- 3 |  4- 6 || total
-------------------------+-------+-------++-------
Melee: Dagger            |     9 |       ||     9
       Staff             |    12 |    81 ||    93
Throw: Dart              |       |     8 ||     8
 Cast: Freeze            |    48 |     5 ||    53
       Frozen Ramparts   |     6 |    13 ||    19
       Ozocubu's Armour  |     3 |     8 ||    11
  Use: Potion            |       |     2 ||     2
 Stab: Sleeping          |     3 |       ||     3
Armor: Robe              |     5 |    31 ||    36
Dodge: Dodged            |    31 |    50 ||    81

Table legend: (Time is in decaauts)
 A = Elapsed time spent in this place.
 B = Non-inter-level travel time spent in this place.
 C = Inter-level travel time spent in this place.
 D = Time resting spent in this place.
 E = Time spent auto-exploring this place.
 F = Levels seen in this place.
 G = Mean time per level.
                   A        B        C        D        E       F      G
               +--------+--------+--------+--------+--------+-----+--------+
         Total |   2979 |   2848 |    131 |    946 |    779 |   4 |  744.8 |
       Dungeon |   2659 |   2528 |    131 |    913 |    779 |   3 |  886.3 |
         Sewer |    319 |    319 |      0 |     33 |      0 |   1 |  319.0 |
               +--------+--------+--------+--------+--------+-----+--------+

Top non-repeatable levels by time:
     D:1: 1002 daAuts
     D:3: 894 daAuts
     D:2: 763 daAuts
   Sewer: 319 daAuts
